[Event "ICC tourney 3242 (30 10)"]
[Site "Internet Chess Club"]
[Date "2023.07.22"]
[Round "3"]
[White "SCHWETKE, DOUGLAS:Bilbo"]
[Black "PENTI, TANISH:Tanishpenti18"]
[Result "0-1"]
[ICCResult "White resigns"]
[WhiteElo "1500"]
[BlackElo "626"]
[Opening "QGD: 3.Nc3"]
[ECO "D31"]
[NIC "QP.08"]
[Time "16:00:10"]
[PlyCount "50"]
[TimeControl "1800+10"]

1. d4 d5 2. c4 e6 3. Nc3 Nc6 4. Nf3 Bd7 5. Bg5 Be7 6. Bxe7 Ngxe7 7. e3 O-O
8. Rc1 h6 9. Bd3 Nb4 10. Bb1 a5 11. cxd5 exd5 12. O-O b6 13. a3 Na6 14. Qe2
Bf5 15. Ba2 c6 16. Rfd1 Nc7 17. Na4 Qb8 18. Ne5 b5 19. Nc3 Qc8 20. Bb1 Bxb1
21. Nxb1 a4 22. Nxc6 Nxc6 23. Rxc6 Qb7 24. Rdc1 Rac8 25. Nc3 Qxc6
{White resigns}
0-1

[Event "ICC tourney 3242 (30 10)"]
[Site "Internet Chess Club"]
[Date "2023.07.22"]
[Round "3"]
[White "Singh, Saharsh:saharshsingh02"]
[Black "SCHROMBECK, JON A:GHOST375"]
[Result "1-0"]
[ICCResult "Black checkmated"]
[WhiteElo "1039"]
[BlackElo "1530"]
[Opening "Queen's pawn"]
[ECO "A40"]
[NIC "QO.17"]
[Time "16:00:16"]
[PlyCount "119"]
[TimeControl "1800+10"]

1. d4 e6 2. c4 c5 3. d5 exd5 4. cxd5 d6 5. Nf3 h6 6. g3 g6 7. Bg2 Bg7 8. Nc3
Ne7 9. e4 O-O 10. Be3 Bg4 11. h3 Bd7 12. a4 Qa5 13. Qc2 f5 14. exf5 Nxf5 15.
Bd2 Qd8 16. g4 Nh4 17. Nxh4 Qxh4 18. Be3 Bxg4 19. hxg4 Qf6 20. O-O-O Nd7 21.
Bxh6 Qxf2 22. Bxg7 Qxc2+ 23. Kxc2 Rf2+ 24. Rd2 Rxd2+ 25. Kxd2 Kxg7 26. Nb5
Nf6 27. g5 Ng4 28. Rb1 a6 29. Nxd6 Rd8 30. Nxb7 Rd7 31. Nxc5 Rf7 32. Rf1 Re7
33. Ne6+ Kg8 34. Rf8+ Kh7 35. Bh3 Ne5 36. d6 Ra7 37. Nd8 Nc4+ 38. Kc3 Nxd6
39. Be6 Ne4+ 40. Kc2 Nxg5 41. Ba2 Ra8 42. Re8 Nf3 43. Bg8+ Kh6 44. Nf7+ Kh5
45. Rxa8 Nd4+ 46. Kb1 g5 47. Ne5 g4 48. Rd8 Ne2 49. Bc4 Ng3 50. Bxa6 Kh4 51.
a5 Ne2 52. Bxe2 g3 53. Nf3+ Kh3 54. a6 g2 55. a7 Kg3 56. Rd2 Kf2 57. a8=Q
g1=Q+ 58. Nxg1 Kxg1 59. Qg8+ Kh1 60. Bf3# {Black checkmated} 1-0

[Event "ICC tourney 3242 (30 10)"]
[Site "Internet Chess Club"]
[Date "2023.07.22"]
[Round "3"]
[White "Hatherill, Charles W:kingsgambit50"]
[Black "WILSON, DARRYL J:Combo4U2"]
[Result "0-1"]
[ICCResult "White resigns"]
[WhiteElo "1343"]
[BlackElo "1201"]
[Opening "English opening"]
[ECO "A20"]
[NIC "EO.24"]
[Time "16:00:15"]
[PlyCount "148"]
[TimeControl "1800+10"]

1. c4 e5 2. g3 Nf6 3. Bg2 c6 4. Nc3 Na6 5. a3 Nc7 6. d3 Bc5 7. Bg5 O-O 8.
Nf3 d6 9. O-O Nce8 10. Nd2 Qe7 11. Nde4 Bd4 12. e3 Bb6 13. Rb1 h6 14. Bxf6
Nxf6 15. Nxf6+ Qxf6 16. Ne4 Qe7 17. b4 f5 18. Nd2 Bc7 19. Nb3 Bd7 20. d4 e4
21. c5 d5 22. a4 Qg5 23. b5 h5 24. Nd2 h4 25. Qe2 Rf6 26. f4 Qh6 27. Rfe1
hxg3 28. h3 Qh4 29. Nf1 Rg6 30. Qb2 Ba5 31. Re2 b6 32. cxb6 axb6 33. Qb3 Qe7
34. Ra2 Qe6 35. Rba1 Rc8 36. Rc1 Kh7 37. Rac2 Qd6 38. Bh1 Bb4 39. Rg2 c5 40.
Rcc2 cxd4 41. Rxc8 Bxc8 42. exd4 Be1 43. Ne3 Bf2+ 44. Kf1 Be6 45. Nd1 Qxf4
46. Nxf2 gxf2 47. Rxf2 Qc1+ 48. Ke2 Rg1 49. Qb4 Qd1+ 50. Ke3 Qe1+ 51. Qxe1
Rxe1+ 52. Re2 Rxh1 53. Kf4 Rxh3 54. Ke5 Bc8 55. Kxd5 g5 56. Kc6 Ra3 57. Kxb6
Rxa4 58. d5 f4 59. d6 Bd7 60. Rb2 Rd4 61. Kc7 Bf5 62. b6 Rc4+ 63. Kd8 Rc8+
64. Ke7 e3 65. b7 Rb8 66. Kf6 Be4 67. Rh2+ Kg8 68. Rh5 Rxb7 69. Rxg5+ Kf8
70. Ke5 Rb5+ 71. Kxf4 Rxg5 72. Kxg5 e2 73. d7 Ke7 74. Kf4 e1=Q {White
resigns} 0-1

[Event "ICC tourney 3242 (30 10)"]
[Site "Internet Chess Club"]
[Date "2023.07.22"]
[Round "3"]
[White "Gonzalez, Nahum Pepe:nahumgonzalez"]
[Black "WU, DARREN:chessboy111"]
[Result "1-0"]
[ICCResult "Black resigns"]
[WhiteElo "1617"]
[BlackElo "1373"]
[Opening "English: Caro-Kann defensive system"]
[ECO "A11"]
[NIC "RE.07"]
[Time "16:00:12"]
[PlyCount "75"]
[TimeControl "1800+10"]

1. c4 c6 2. Nf3 d5 3. g3 dxc4 4. Bg2 Nf6 5. O-O Bf5 6. Na3 b5 7. Ne5 Be4 8.
Bxe4 Nxe4 9. d3 cxd3 10. exd3 Nf6 11. Qf3 Qd5 12. Qe2 e6 13. Bg5 Be7 14. d4
O-O 15. Rfd1 h6 16. Bxf6 Bxf6 17. Nc2 a5 18. Ne3 Qd6 19. a4 Bxe5 20. dxe5
Qxe5 21. Qc2 b4 22. Nc4 Qc5 23. Qe2 Ra7 24. Rac1 Qf5 25. Ne5 Rc7 26. Rc5 Qf6
27. Rxa5 Rd8 28. Rxd8+ Qxd8 29. Ra8 Rc8 30. Rxb8 Rxb8 31. Nxc6 Qc7 32. Nxb8
Qxb8 33. Qb5 Qf8 34. a5 Kh7 35. a6 Qa8 36. Qb7 Qxb7 37. axb7 Kg6 38. b8=Q
{Black resigns}
1-0

[Event "ICC tourney 3242 (30 10)"]
[Site "Internet Chess Club"]
[Date "2023.07.22"]
[Round "3"]
[White "KISHORE, KAVISH:K03-16800564"]
[Black "Abdurasulov, Nurmukhammad:Nur2010"]
[Result "0-1"]
[ICCResult "White forfeits on time"]
[WhiteElo "1448"]
[BlackElo "1251"]
[Opening "Grünfeld: modern exchange variation"]
[ECO "D85"]
[NIC "GI.04"]
[Time "16:00:57"]
[PlyCount "76"]
[TimeControl "1800+10"]

1. d4 Nf6 2. c4 g6 3. Nc3 d5 4. cxd5 Nxd5 5. e4 Nxc3 6. bxc3 Bg7 7. Nf3 c5
8. Bc4 Nc6 9. e5 O-O 10. h3 Na5 11. Be2 Bf5 12. Bd3 Bxd3 13. Qxd3 cxd4 14.
cxd4 Rc8 15. O-O Nc6 16. Bf4 Qd5 17. Rab1 b6 18. a3 Rfd8 19. Rfd1 Na5 20.
Rb5 Qc4 21. Rb4 Qxd3 22. Rxd3 e6 23. Bg5 Rd5 24. g4 Bf8 25. Rb1 Nc4 26. Rc1
h6 27. Be3 Rdd8 28. a4 Nxe3 29. Rxc8 Rxc8 30. fxe3 Rc4 31. e4 Rxa4 32. d5
Bc5+ 33. Kg2 Ra2+ 34. Kf1 Kf8 35. d6 Ke8 36. g5 h5 37. Nd4 Bxd4 38. Rxd4 b5
{White forfeits on time}
0-1

[Event "ICC tourney 3242 (30 10)"]
[Site "Internet Chess Club"]
[Date "2023.07.22"]
[Round "3"]
[White "PRABHSIMRAN SINGH:Prabhsimran13"]
[Black "DHURJATI, ANAGHA:amdink"]
[Result "1-0"]
[ICCResult "Black resigns"]
[WhiteElo "1650"]
[BlackElo "1322"]
[Opening "King's gambit"]
[ECO "C30"]
[NIC "KG.05"]
[Time "16:00:06"]
[PlyCount "127"]
[TimeControl "1800+10"]

1. e4 e5 2. f4 d6 3. Nf3 Nc6 4. Bc4 Be7 5. O-O Nf6 6. d3 O-O 7. Nc3 h6 8. f5
Na5 9. Bb3 Nxb3 10. axb3 Nh7 11. Nd5 c6 12. Nxe7+ Qxe7 13. Be3 a6 14. Qd2 d5
15. Qf2 d4 16. Bd2 Qf6 17. h3 Re8 18. Nh2 g5 19. fxg6 Qxg6 20. Qh4 Ng5 21.
Ng4 Bxg4 22. Qxg4 Kh7 23. Bxg5 hxg5 24. Rf5 f6 25. Raf1 Rf8 26. h4 gxh4 27.
Qxh4+ Kg7 28. R1f3 Rh8 29. Qxf6+ Qxf6 30. Rxf6 Rhf8 31. Rxf8 Rxf8 32. Rxf8
Kxf8 33. Kf2 Kf7 34. Kf3 Kf6 35. Kg4 Kg6 36. b4 b6 37. b3 c5 38. bxc5 bxc5
39. g3 a5 40. Kh4 Kh6 41. g4 Kg6 42. g5 Kg7 43. Kh5 Kh7 44. g6+ Kg8 45. Kg5
Kg7 46. Kf5 Kf8 47. Kxe5 Ke7 48. Kd5 Kf6 49. Kxc5 Kxg6 50. Kxd4 Kf6 51. c4
Ke6 52. c5 Kd7 53. Kd5 Kc7 54. c6 Kc8 55. Kd6 Kd8 56. c7+ Kc8 57. e5 a4 58.
bxa4 Kb7 59. Kd7 Kb6 60. c8=Q Ka7 61. Qc7+ Ka8 62. Qc6+ Ka7 63. Qb5 Ka8 64.
Kc7 {Black resigns} 1-0

[Event "ICC tourney 3242 (30 10)"]
[Site "Internet Chess Club"]
[Date "2023.07.22"]
[Round "3"]
[White "tammineni, ram:ramtammineni"]
[Black "Anand, Anirudh:AnirudhAnand"]
[Result "1-0"]
[ICCResult "Black checkmated"]
[WhiteElo "1520"]
[BlackElo "1004"]
[Opening "Vienna gambit"]
[ECO "C29"]
[NIC "VG.04"]
[Time "16:00:46"]
[PlyCount "103"]
[TimeControl "1800+10"]

1. e4 e5 2. Nc3 Nf6 3. f4 d6 4. Nf3 Nbd7 5. Bc4 Be7 6. d3 O-O 7. O-O h6 8.
Bb3 Re8 9. fxe5 dxe5 10. Be3 c6 11. h3 Qc7 12. a3 Nb6 13. Qe1 Bd7 14. Nh4
Rad8 15. Qg3 Kh8 16. Bxf7 Rf8 17. Ng6+ Kh7 18. Nxf8+ Rxf8 19. Bb3 Nh5 20.
Qe1 Nf4 21. Qd2 Bd6 22. Ne2 Nxe2+ 23. Qxe2 Re8 24. Kh1 Re7 25. Rf2 Be6 26.
Bxe6 Rxe6 27. Raf1 Re7 28. Rf3 Kg6 29. Qf2 Rd7 30. Rg3+ Kh7 31. Qf5+ Kh8 32.
Qf2 Kh7 33. Rf3 Re7 34. Rf7 Rxf7 35. Qxf7 Qxf7 36. Rxf7 Kg6 37. Rxb7 Nc8 38.
Bxa7 Nxa7 39. Rxa7 Kg5 40. Rd7 Bc5 41. g3 g6 42. Rc7 h5 43. Rxc6 Bf2 44. Kg2
Be1 45. Kf3 Kh6 46. b4 Kg5 47. b5 Kh6 48. b6 Kg5 49. b7 Kh6 50. b8=Q Kg5 51.
h4+ Kh6 52. Qh8# {Black checkmated} 1-0

[Event "ICC tourney 3242 (30 10)"]
[Site "Internet Chess Club"]
[Date "2023.07.22"]
[Round "3"]
[White "STINSON, RUSSELL:rcstinson"]
[Black "SAHOO, OJAS:ojasarohan"]
[Result "0-1"]
[ICCResult "White resigns"]
[WhiteElo "1567"]
[BlackElo "1352"]
[Opening "Nimzovich-Larsen attack: modern variation"]
[ECO "A01"]
[NIC "VO.08"]
[Time "16:00:08"]
[PlyCount "64"]
[TimeControl "1800+10"]

1. b3 e5 2. Bb2 Nc6 3. e3 d5 4. Bb5 Bd6 5. c4 Ne7 6. Nf3 O-O 7. cxd5 Nxd5 8.
Bxc6 bxc6 9. Nxe5 Bxe5 10. Bxe5 Ba6 11. d3 Nb4 12. O-O Bxd3 13. Qg4 f6 14.
Rd1 Nc2 15. Na3 Nxa1 16. Bxa1 Qe7 17. Bb2 Bg6 18. Rd7 Qe4 19. Qg3 Rac8 20.
Rxc7 Rxc7 21. Qxc7 Qd3 22. h4 Qd2 23. Nc4 Qe1+ 24. Kh2 Qxf2 25. Qxc6 Qxh4+
26. Kg1 Qe4 27. Qc7 Bf7 28. Ba3 Re8 29. Nd6 Qxe3+ 30. Kh2 Qf4+ 31. g3 Re2+
32. Kh3 Be6+ {White resigns} 0-1

[Event "ICC tourney 3242 (30 10)"]
[Site "Internet Chess Club"]
[Date "2023.07.22"]
[Round "3"]
[White "Hamlett, James Morrison:Hamlett144"]
[Black "HAO, RYAN:Ryan334"]
[Result "1-0"]
[ICCResult "Black checkmated"]
[WhiteElo "1413"]
[BlackElo "1609"]
[Opening "Evans gambit declined"]
[ECO "C51"]
[NIC "IG.05"]
[Time "16:00:07"]
[PlyCount "155"]
[TimeControl "1800+10"]

1. e4 e5 2. Nf3 Nc6 3. Bc4 Bc5 4. b4 Bb6 5. c3 Nf6 6. d3 d6 7. O-O O-O 8. a4
a6 9. h3 h6 10. a5 Ba7 11. Be3 Be6 12. Qb3 Qd7 13. Bxe6 fxe6 14. Bxa7 Nxa7
15. Nbd2 Nc6 16. Rad1 d5 17. exd5 exd5 18. Rfe1 Rfe8 19. Nf1 Qf7 20. Ng3
Rad8 21. c4 dxc4 22. dxc4 Rxd1 23. Rxd1 Qe7 24. Nf5 Qxb4 25. Qxb4 Nxb4 26.
N3h4 Nc6 27. Rd3 Kf7 28. Rg3 Nh5 29. Rf3 Ke6 30. g4 g5 31. gxh5 e4 32. Ng7+
Ke7 33. Ng6+ Kd7 34. Rf7+ Kd8 35. Nf5 Nxa5 36. Nxh6 Nxc4 37. Rf5 a5 38. Nf7+
Kc8 39. h6 a4 40. h7 a3 41. Rd5 b5 42. Ne7+ Kb7 43. Rd1 b4 44. h8=Q Rxh8 45.
Nxh8 b3 46. Nd5 Nb2 47. Ra1 a2 48. Nc3 c5 49. Nxa2 bxa2 50. Rxa2 Nd3 51. Nf7
Kb6 52. Nxg5 c4 53. Nxe4 Kb5 54. h4 Kb4 55. h5 Nf4 56. h6 Ng6 57. h7 c3 58.
Nxc3 Kxc3 59. Ra6 Nh8 60. Re6 Kd4 61. f4 Kd5 62. Re1 Kd6 63. Kg2 Kd7 64. f5
Nf7 65. Kg3 Nh8 66. Kg4 Nf7 67. f6 Nh8 68. Kg5 Nf7+ 69. Kg6 Nh8+ 70. Kg7 Kd6
71. Kxh8 Kd5 72. Kg7 Kd4 73. h8=Q Kd3 74. Qd8+ Kc2 75. Re7 Kc3 76. Rc7+ Kb4
77. Qb8+ Ka5 78. Ra7# {Black checkmated} 1-0

[Event "ICC tourney 3242 (30 10)"]
[Site "Internet Chess Club"]
[Date "2023.07.22"]
[Round "3"]
[White "DHANASEKAR, RAKSHITA:rooku2211"]
[Black "Yang, Daniel Benji Benji:DanielYang99"]
[Result "0-1"]
[ICCResult "White checkmated"]
[WhiteElo "1205"]
[BlackElo "1670"]
[Opening "Giuoco Pianissimo"]
[ECO "C50"]
[NIC "IG.02"]
[Time "16:00:57"]
[PlyCount "158"]
[TimeControl "1800+10"]

1. e4 e5 2. Nf3 Nc6 3. Bc4 Bc5 4. d3 h6 5. Be3 Bb6 6. c3 Nf6 7. Nbd2 d6 8.
h3 O-O 9. Nf1 Ne7 10. Ng3 Ng6 11. O-O c6 12. d4 Qc7 13. Qd2 Re8 14. Bxh6
gxh6 15. Qxh6 Be6 16. Bxe6 Rxe6 17. Nf5 Ne8 18. Ng5 Nf8 19. Nxe6 fxe6 20.
Qg5+ Kh8 21. Ne7 Ng7 22. Qh6+ Nh7 23. Ng6+ Kg8 24. Kh1 exd4 25. f4 Ne8 26.
f5 Qg7 27. Qh4 Bd8 28. Qg3 e5 29. cxd4 exd4 30. h4 Bf6 31. Rf3 Be5 32. Qh3
Kf7 33. g4 Nef6 34. g5 Nxe4 35. Nxe5+ Qxe5 36. g6+ Kg7 37. gxh7 Kxh7 38. Rg1
d3 39. Qg2 Qf6 40. Rf4 d5 41. Rg4 d2 42. Rg7+ Kh8 43. Rg6 Qxh4+ 44. Qh2 Nf2+
45. Kg2 Qxh2+ 46. Kxh2 d1=Q 47. Rxd1 Nxd1 48. b3 Rf8 49. f6 Nc3 50. Rg7 Rxf6
51. Rxb7 Nxa2 52. Rxa7 Nb4 53. Ra4 c5 54. Ra5 Nd3 55. Rb5 Rc6 56. Kg3 c4 57.
bxc4 dxc4 58. Rb1 c3 59. Kf3 c2 60. Rh1+ Kg7 61. Rg1+ Kf7 62. Ke2 c1=Q 63.
Rxc1 Rxc1 64. Kxd3 Ke6 65. Kd2 Rc4 66. Kd3 Kd5 67. Ke3 Rd4 68. Kf3 Re4 69.
Kg3 Ke5 70. Kf3 Kf5 71. Kg3 Rf4 72. Kg2 Kg4 73. Kh2 Kf3 74. Kh3 Rf8 75. Kh4
Kf4 76. Kh5 Kf5 77. Kh6 Kf6 78. Kh7 Re8 79. Kh6 Rh8# {White checkmated} 0-1

[Event "ICC tourney 3242 (30 10)"]
[Site "Internet Chess Club"]
[Date "2023.07.22"]
[Round "4"]
[White "SCHROMBECK, JON A:GHOST375"]
[Black "Hatherill, Charles W:kingsgambit50"]
[Result "1-0"]
[ICCResult "Black checkmated"]
[WhiteElo "1530"]
[BlackElo "1343"]
[Opening "Scandinavian (center counter) defense"]
[ECO "B01"]
[NIC "VO.17"]
[Time "18:00:19"]
[PlyCount "127"]
[TimeControl "1800+10"]

1. e4 d5 2. exd5 Qxd5 3. d4 Nf6 4. Nc3 Qd8 5. d5 Bf5 6. Nf3 Nbd7 7. Bb5 a6
8. Ba4 g6 9. Bg5 Bg7 10. Bxf6 Bxf6 11. Nd4 b5 12. Nxf5 bxa4 13. Ne3 O-O 14.
O-O Bg7 15. Nxa4 Nb6 16. Nxb6 cxb6 17. c3 b5 18. Qb3 Rc8 19. Rad1 Qa5 20.
Rfe1 Qa4 21. Qxa4 bxa4 22. d6 exd6 23. Rxd6 a5 24. Ra6 Rb8 25. Nc4 a3 26.
bxa3 Bxc3 27. Rc1 Bg7 28. g3 Rbc8 29. Rxa5 Bh6 30. Rc2 Rfd8 31. Kg2 Rd1 32.
a4 Rc1 33. Rxc1 Bxc1 34. Nb6 Rc2 35. Nd7 Kg7 36. Rc5 Rd2 37. Rxc1 Rxd7 38.
Rc4 Ra7 39. Kf3 Kf6 40. Ke4 Ke6 41. f4 f5+ 42. Kd4 Rd7+ 43. Kc3 Ra7 44. Kb4
Kd5 45. Rc5+ Ke4 46. a5 Kf3 47. Kb5 Kg2 48. Rc2+ Kh3 49. Kb6 Rd7 50. a6 Rd4
51. a7 Rb4+ 52. Kc7 Ra4 53. Kb7 Rb4+ 54. Ka8 Kg4 55. a3 Rb1 56. Rc4 Kh3 57.
Rb4 Ra1 58. a4 Kxh2 59. Kb7 Kxg3 60. a8=Q Kg4 61. Qh8 h5 62. Qxa1 h4 63.
Qg1+ Kh5 64. Qg5# {Black checkmated} 1-0

[Event "ICC tourney 3242 (30 10)"]
[Site "Internet Chess Club"]
[Date "2023.07.22"]
[Round "4"]
[White "PENTI, TANISH:Tanishpenti18"]
[Black "Singh, Saharsh:saharshsingh02"]
[Result "0-1"]
[ICCResult "White checkmated"]
[WhiteElo "626"]
[BlackElo "1039"]
[Opening "Giuoco Pianissimo: Italian four knights variation"]
[ECO "C50"]
[NIC "IG.02"]
[Time "18:00:18"]
[PlyCount "70"]
[TimeControl "1800+10"]

1. e4 e5 2. Nf3 Nc6 3. Bc4 Bc5 4. Nc3 Nf6 5. d3 O-O 6. h3 h6 7. O-O d6 8.
Qe2 Nd4 9. Nxd4 Bxd4 10. Re1 Be6 11. Bb3 Bxb3 12. axb3 Qd7 13. Be3 Bxc3 14.
bxc3 b6 15. d4 exd4 16. Bxd4 Qe6 17. Bxf6 Qxf6 18. c4 Rfe8 19. Rec1 a5 20.
c3 Re5 21. b4 a4 22. f3 a3 23. Qc2 c5 24. Qb3 cxb4 25. cxb4 b5 26. Rxa3 Rxa3
27. Qxa3 bxc4 28. Rxc4 Qe6 29. Qa8+ Kh7 30. Rc7 f5 31. exf5 Re1+ 32. Kh2
Qe5+ 33. g3 Re2+ 34. Kh1 Re1+ 35. Kg2 Qe2# {White checkmated} 0-1

[Event "ICC tourney 3242 (30 10)"]
[Site "Internet Chess Club"]
[Date "2023.07.22"]
[Round "4"]
[White "Howell, Natalie:natalieH"]
[Black "SCHWETKE, DOUGLAS:Bilbo"]
[Result "1-0"]
[ICCResult "Black resigns"]
[WhiteElo "980"]
[BlackElo "1500"]
[Opening "Bird's opening"]
[ECO "A03"]
[NIC "VO.07"]
[Time "18:00:16"]
[PlyCount "73"]
[TimeControl "1800+10"]

1. f4 d5 2. Nf3 Nf6 3. d4 g6 4. e3 Bg7 5. Be2 b6 6. O-O Ba6 7. Nc3 O-O 8.
Bxa6 Nxa6 9. Qe2 Nb8 10. Bd2 Nbd7 11. Ne5 Nxe5 12. fxe5 Ne8 13. Qf3 Qd7 14.
Qxd5 Qxd5 15. Nxd5 e6 16. Nc3 Rd8 17. Rad1 f6 18. exf6 Nxf6 19. Nb5 a5 20.
Nxc7 Rd6 21. Nb5 Rc6 22. Nc3 Nd5 23. Rxf8+ Kxf8 24. Nxd5 exd5 25. c3 Bh6 26.
Re1 Re6 27. Bc1 Ke7 28. b3 b5 29. Kf2 Kd7 30. Ke2 Bf4 31. g3 Bd6 32. Kd3 Re4
33. c4 bxc4+ 34. bxc4 Ke6 35. Bd2 Bb4 36. Bxb4 axb4 37. Rb1 {Black resigns}
1-0

[Event "ICC tourney 3242 (30 10)"]
[Site "Internet Chess Club"]
[Date "2023.07.22"]
[Round "4"]
[White "SAHOO, OJAS:ojasarohan"]
[Black "DHANASEKAR, RAKSHITA:rooku2211"]
[Result "1-0"]
[ICCResult "Black checkmated"]
[WhiteElo "1352"]
[BlackElo "1205"]
[Opening "Scotch gambit"]
[ECO "C44"]
[NIC "SO.06"]
[Time "18:00:30"]
[PlyCount "57"]
[TimeControl "1800+10"]

1. e4 e5 2. Nf3 Nc6 3. d4 exd4 4. Bc4 d6 5. Nxd4 Ne5 6. Bb3 Nf6 7. f3 Be7 8.
O-O O-O 9. Nc3 h6 10. Re1 c6 11. h3 Nh7 12. f4 Ng6 13. Qh5 Bh4 14. Re2 Bg3
15. Qxg6 Qe7 16. Qxg3 c5 17. Nf5 Qf6 18. Nd5 Qg5 19. fxg5 hxg5 20. Bxg5 g6
21. Nfe7+ Kg7 22. Qh4 Nxg5 23. Qxg5 Be6 24. Rf2 Rae8 25. Qf6+ Kh7 26. Rf4 g5
27. Qxg5 Bg4 28. Nf6+ Kh8 29. Qh6# {Black checkmated} 1-0

[Event "ICC tourney 3242 (30 10)"]
[Site "Internet Chess Club"]
[Date "2023.07.22"]
[Round "4"]
[White "DHURJATI, ANAGHA:amdink"]
[Black "KISHORE, KAVISH:K03-16800564"]
[Result "1-0"]
[ICCResult "Black forfeits on time"]
[WhiteElo "1322"]
[BlackElo "1448"]
[Opening "Sicilian"]
[ECO "B56"]
[NIC "SI.25"]
[Time "18:00:42"]
[PlyCount "33"]
[TimeControl "1800+10"]

1. e4 c5 2. Nf3 d6 3. d4 cxd4 4. Nxd4 Nf6 5. Nc3 Nc6 6. f3 e6 7. Be3 a6 8.
Be2 Qc7 9. O-O Be7 10. Bf2 O-O 11. a3 b5 12. Qd2 Bb7 13. Rad1 h6 14. Bg3 Nh5
15. Nxc6 Qxc6 16. Bxd6 Rfd8 17. e5 {Black forfeits on time} 1-0

[Event "ICC tourney 3242 (30 10)"]
[Site "Internet Chess Club"]
[Date "2023.07.22"]
[Round "4"]
[White "Anand, Anirudh:AnirudhAnand"]
[Black "STINSON, RUSSELL:rcstinson"]
[Result "1-0"]
[ICCResult "Black resigns"]
[WhiteElo "1004"]
[BlackElo "1567"]
[Opening "Sicilian: wing gambit, Carlsbad variation"]
[ECO "B20"]
[NIC "SI.48"]
[Time "18:00:42"]
[PlyCount "69"]
[TimeControl "1800+10"]

1. e4 c5 2. b4 cxb4 3. a3 bxa3 4. Rxa3 e6 5. d4 Bxa3 6. Bxa3 d5 7. e5 Ne7 8.
Bd3 O-O 9. Nf3 h6 10. c3 Nbc6 11. Bc2 Re8 12. Qd3 Ng6 13. h4 Nce7 14. h5 Nf8
15. g4 Bd7 16. g5 a6 17. gxh6 Bb5 18. Qd2 Nf5 19. hxg7 Nh7 20. Rg1 f6 21.
Bxf5 exf5 22. Bf8 fxe5 23. Nxe5 Qh4 24. Kd1 Qxh5+ 25. Kc1 Qh2 26. Rd1 Nxf8
27. gxf8=Q+ Kxf8 28. Qg5 Rxe5 29. Qf6+ Ke8 30. dxe5 Qf4+ 31. Nd2 d4 32. Qe6+
Kf8 33. Qd6+ Kg8 34. Qg6+ Kh8 35. Rh1+ {Black resigns} 1-0

[Event "ICC tourney 3242 (30 10)"]
[Site "Internet Chess Club"]
[Date "2023.07.22"]
[Round "4"]
[White "HAO, RYAN:Ryan334"]
[Black "WILSON, DARRYL J:Combo4U2"]
[Result "0-1"]
[ICCResult "White checkmated"]
[WhiteElo "1609"]
[BlackElo "1201"]
[Opening "Four knights: Spanish variation"]
[ECO "C48"]
[NIC "KP.03"]
[Time "18:00:15"]
[PlyCount "186"]
[TimeControl "1800+10"]

1. e4 e5 2. Nf3 Nc6 3. Nc3 Nf6 4. Bb5 Bd6 5. d3 O-O 6. Bg5 h6 7. Bh4 Qe7 8.
Nd5 Qe6 9. Nxf6+ gxf6 10. h3 Kh7 11. Bc4 Qe7 12. Nd2 Nd4 13. c3 Ne6 14. Bxe6
fxe6 15. O-O Qg7 16. Kh1 Rg8 17. Qf3 Be7 18. Nc4 b5 19. Ne3 Bb7 20. Rg1 Raf8
21. a4 a6 22. axb5 axb5 23. Ra7 Rb8 24. b4 Bd8 25. Qg4 Qf7 26. Qe2 Bc6 27.
Qd2 Qh5 28. Bg3 d6 29. Qd1 Qg6 30. Qe2 f5 31. exf5 exf5 32. Bh2 f4 33. f3
fxe3 34. Qxe3 Rc8 35. d4 Bg5 36. Qf2 Qd3 37. dxe5 Be3 38. Qh4 Bxg1 39. Bxg1
Qg6 40. Qf2 dxe5 41. Bh2 e4 42. Ra6 exf3 43. g3 Rgd8 44. Bg1 Qe4 45. Ra2 Rf8
46. Kh2 Bd5 47. Rd2 Be6 48. Rd4 Qf5 49. g4 Qe5+ 50. Kh1 Qe2 51. Rd2 Qxf2 52.
Rxf2 Bc4 53. Kh2 Be2 54. Kg3 c5 55. Rh2 cxb4 56. cxb4 Rc3 57. Kf2 Rb3 58.
Ke1 Rxb4 59. Bc5 Rb1+ 60. Kf2 Rc8 61. Be3 Rf1+ 62. Kg3 Re8 63. Bf2 b4 64.
Bd4 b3 65. h4 Re4 66. Bf6 Rg1+ 67. Kf2 Rg2+ 68. Rxg2 fxg2 69. Kxg2 Bxg4 70.
Kg3 h5 71. Bb2 Re2 72. Bf6 b2 73. Bxb2 Rxb2 74. Kf4 Rb4+ 75. Kg3 Kg6 76. Kh2
Bf5 77. Kg3 Rg4+ 78. Kh3 Rg1+ 79. Kh2 Re1 80. Kg2 Re4 81. Kg3 Rg4+ 82. Kh3
Ra4+ 83. Kg3 Ra3+ 84. Kg2 Bg4 85. Kf2 Kf5 86. Kg2 Kf4 87. Kf2 Rh3 88. Kg2
Rxh4 89. Kg1 Bh3 90. Kh2 Kg4 91. Kg1 Kg3 92. Kh1 Bg2+ 93. Kg1 Rh1#
{White checkmated}
0-1

[Event "ICC tourney 3242 (30 10)"]
[Site "Internet Chess Club"]
[Date "2023.07.22"]
[Round "4"]
[White "Yang, Daniel Benji Benji:DanielYang99"]
[Black "Gonzalez, Nahum Pepe:nahumgonzalez"]
[Result "0-1"]
[ICCResult "White resigns"]
[WhiteElo "1670"]
[BlackElo "1617"]
[Opening "Caro-Kann: exchange variation"]
[ECO "B13"]
[NIC "CK.02"]
[Time "18:00:23"]
[PlyCount "84"]
[TimeControl "1800+10"]

1. e4 c6 2. d4 d5 3. exd5 cxd5 4. Bd3 g6 5. h3 Bg7 6. c3 Nf6 7. Nf3 O-O 8.
Bf4 Nc6 9. O-O Bf5 10. Re1 Re8 11. Qc2 e6 12. Ne5 Rc8 13. Bxf5 gxf5 14. Nd2
Nxd4 15. Qa4 Nc6 16. Nxc6 Rxc6 17. Qxa7 Nh5 18. Bh2 d4 19. Qxb7 Rb6 20. Qf3
dxc3 21. Nc4 cxb2 22. Rab1 Rb4 23. Nd6 Re7 24. Qxh5 Rd7 25. a3 Rh4 26. Qf3
Rxd6 27. Bxd6 Qxd6 28. Qa8+ Qf8 29. Qxf8+ Kxf8 30. Re3 Rc4 31. Ree1 Ra4 32.
Re3 Rc4 33. Ree1 f4 34. Re2 Rc1+ 35. Re1 Rc2 36. a4 Bd4 37. Rf1 Ke7 38. a5
Kd7 39. Rfd1 e5 40. a6 Kc7 41. Rxd4 exd4 42. Kh2 d3 {White resigns} 0-1

[Event "ICC tourney 3242 (30 10)"]
[Site "Internet Chess Club"]
[Date "2023.07.22"]
[Round "4"]
[White "tammineni, ram:ramtammineni"]
[Black "Hamlett, James Morrison:Hamlett144"]
[Result "1/2-1/2"]
[ICCResult "Game drawn by repetition"]
[WhiteElo "1520"]
[BlackElo "1413"]
[Opening "French: exchange variation"]
[ECO "C01"]
[NIC "FR.01"]
[Time "18:00:24"]
[PlyCount "97"]
[TimeControl "1800+10"]

1. e4 e6 2. d4 d5 3. exd5 exd5 4. c4 Bb4+ 5. Nc3 Qe7+ 6. Qe2 Qxe2+ 7. Bxe2
Nf6 8. cxd5 Nxd5 9. Bd2 Nxc3 10. bxc3 Be7 11. Nf3 b6 12. Ne5 Bb7 13. Bf3
Bxf3 14. Nxf3 f6 15. O-O O-O 16. Rfe1 Bd6 17. h3 Nd7 18. Re4 f5 19. Re2 Rfe8
20. Rae1 Rxe2 21. Rxe2 Nf6 22. Be3 Re8 23. Re1 h6 24. Kf1 Nd5 25. Bd2 Rxe1+
26. Kxe1 Nf4 27. Bxf4 Bxf4 28. Ne5 Bxe5 29. dxe5 g5 30. Ke2 Kf7 31. Ke3 h5
32. h4 g4 33. f4 Ke6 34. g3 a5 35. a4 c6 36. c4 c5 37. Kd3 Ke7 38. Kc3 Ke6
39. Kd3 Ke7 40. Kc3 Ke6 41. Kd3 Ke7 42. Kc3 Ke6 43. Kd3 Ke7 44. Kc3 Ke6 45.
Kd3 Ke7 46. Kc3 Ke6 47. Kd3 Ke7 48. Kc3 Ke6 49. Kd3 {Game drawn by
repetition} 1/2-1/2

[Event "ICC tourney 3242 (30 10)"]
[Site "Internet Chess Club"]
[Date "2023.07.22"]
[Round "4"]
[White "Abdurasulov, Nurmukhammad:Nur2010"]
[Black "PRABHSIMRAN SINGH:Prabhsimran13"]
[Result "1/2-1/2"]
[ICCResult "Game drawn by mutual agreement"]
[WhiteElo "1251"]
[BlackElo "1650"]
[Opening "QGD: semi-Slav, Noteboom variation"]
[ECO "D31"]
[NIC "SL.06"]
[Time "18:00:26"]
[PlyCount "98"]
[TimeControl "1800+10"]

1. d4 d5 2. c4 e6 3. Nc3 c6 4. Nf3 dxc4 5. e4 b5 6. a4 b4 7. Nb1 Ba6 8. Bg5
Be7 9. Bxe7 Nxe7 10. Nbd2 c3 11. bxc3 bxc3 12. Nb1 Bxf1 13. Kxf1 O-O 14.
Nxc3 Qa5 15. Qc2 Na6 16. g3 c5 17. Nb5 Rac8 18. Qe2 cxd4 19. Nfxd4 Nb4 20.
Kg2 e5 21. Nf3 a6 22. Nd6 Rc2 23. Qe3 Nbc6 24. Rhc1 Rxc1 25. Rxc1 Qb4 26.
Qc5 Qxc5 27. Rxc5 f6 28. Nf5 Rb8 29. Nxe7+ Nxe7 30. Rc7 Kf8 31. Ra7 Rb4 32.
Rxa6 Rxe4 33. Nd2 Rd4 34. Nb3 Rb4 35. Nc5 Rc4 36. Nb7 Nf5 37. a5 Rc2 38. Rb6
Ne3+ 39. Kf3 Nd5 40. Rd6 Nc7 41. a6 Ke7 42. Rb6 f5 43. Nd6 e4+ 44. Kg2 g6
45. Nb5 Nxb5 46. Rxb5 Ra2 47. Rb7+ Kf6 48. a7 e3 49. Rb2 Rxa7
{Game drawn by mutual agreement}
1/2-1/2